 Dungeon Crawl Stone Soup version 0.28.0 (webtiles) character file.

Game seed: 9347953623251409909

9873 inmateoo the Thaumaturge (level 11, -5/72 HPs)
             Began as an Octopode Ice Elementalist on Feb 14, 2022.
             Was a Believer of Makhleb.
             Killed by miscasting Lightning Bolt (9 damage)
             ... on level 10 of the Dungeon.
             The game lasted 00:26:44 (11116 turns).

inmateoo the Thaumaturge (OpIE)                    Turns: 11116, Time: 00:26:44

Health: -5/72      AC:  2    Str:  7    XL:     11   Next: 53%
Magic:  7/34       EV: 15    Int: 21    God:    Makhleb [**....]
Gold:   111        SH:  0    Dex: 14    Spells: 6/30 levels left

rFire   . . .      SeeInvis .   v - staff of cold
rCold   + . .      Faith    .   (no shield)
rNeg    . . .      Spirit   .   l - +1 hat
rPois   .          Reflect  .   d - amulet of regeneration
rElec   .          Harm     .   c - ring of wizardry
rCorr   .          Rampage  .   p - ring of magical power
Will    +....                   D - ring of willpower
Stlth   ++++......              (no ring)
HPRegen 1.02/turn               (no ring)
MPRegen 0.24/turn               (no ring)
                                (no ring)
                                (no ring)

@: freezing walls, very slightly contaminated
A: almost no armour, amphibious, 8 rings, camouflage 1, gelatinous body 1,
(nimble swimmer 1), tentacles
a: Renounce Religion, Minor Destruction


You were on level 10 of the Dungeon.
You worshipped Makhleb.
Makhleb was pleased with you.
You visited 2 branches of the dungeon, and saw 11 of its levels.
You also visited: Ossuary.

You collected 559 gold pieces.
You spent 448 gold pieces at shops.

Inventory:

Hand Weapons
 i - a +3 dagger of protection
 B - the +1 spear of Dieshrou {vorpal, rN+ Will+ Int+2 Dex+4}
   (You found it on level 7 of the Dungeon)

   It inflicts extra damage upon your enemies.
   Int:       It affects your intelligence (+2).
   Dex:       It affects your dexterity (+4).
   rN:        It protects you from negative energy.
   Will:      It increases your willpower.
Armour
 l - a +1 hat (worn)
Magical Staves
 v - a staff of cold (weapon)
 w - a staff of death
 z - a staff of fire
Jewellery
 c - a ring of wizardry (left tentacle)
 d - an amulet of regeneration (around mantle)
 p - a ring of magical power (right tentacle)
 A - a ring of ice
 D - a ring of willpower (on tentacle)
Wands
 g - a wand of charming (10)
 j - a wand of iceblast (6)
 n - a wand of polymorph (16)
Scrolls
 e - 2 scrolls of teleportation
 f - 2 scrolls of enchant weapon
 k - 2 scrolls of noise
 r - a scroll of identify
 x - 3 scrolls of enchant armour
 y - a scroll of vulnerability
Potions
 a - 3 potions of ambrosia
 b - 2 potions of haste
 m - a potion of resistance
 o - 2 potions of flight
 q - 4 potions of curing
 s - 2 potions of brilliance
 u - 2 potions of cancellation
Miscellaneous
 C - a box of beasts


   Skills:
 + Level 6.2 Fighting
 - Level 3.0 Short Blades
 - Level 6.0 Dodging
 - Level 7.0 Stealth
 + Level 10.1 Spellcasting
 + Level 4.4 Conjurations
 + Level 1.3 Necromancy
 + Level 1.4 Fire Magic
 + Level 8.1 Ice Magic
 + Level 0.3 Air Magic
 - Level 5.0 Invocations


You had 6 spell levels left.
You knew the following spells:

 Your Spells              Type           Power      Damage    Failure   Level
a - Freeze                Ice            100%       1d11      1%          1
b - Frozen Ramparts       Ice            100%       1d12      1%          3
c - Ozocubu's Armour      Ice            61%        N/A       1%          3
d - Hailstorm             Conj/Ice       53%        3d12      1%          4
e - Summon Lightning Spi  Summ/Air       11%        N/A       24%         4
f - Lightning Bolt        Conj/Air       10%        1d23      26%         5
g - Airstrike             Air            5%         N/A       22%         4

Your spell library contained the following spells:

 Spells                   Type           Power      Damage    Failure   Level
 Gell's Gravitas          Tloc           10%        N/A       8%          3
 Teleport Other           Tloc           10%        N/A       8%          3
 Dispersal                Tloc           5%         N/A       98%         6


Dungeon Overview and Level Annotations

Branches:
Dungeon (10/15)            Temple (1/1) D:6         Ossuary (visited)
   Lair: D:8-11         Orc: D:9-12

Altars:
Ashenzari
Cheibriados
Dithmenos
Elyvilon
Fedhas
Gozag
Hepliaklqana
Kikubaaqudgha
Makhleb
Nemelex Xobeh
Okawaru
Qazlal
Ru
Sif Muna
Trog
Uskayaw
Vehumet
Wu Jian
Xom
Yredelemnul
Zin
The Shining One

Shops:
D:1 :

Annotations:
D:9 exclusion: ice statue
D:10 exclusion: vampire


Innate Abilities, Weirdness & Mutations

You cannot wear most types of armour.
You are amphibious.
You can wear up to eight rings at the same time.
Your skin changes colour to match your surroundings (Stealth+).
Your rubbery body absorbs attacks. (AC +1, EV +1)
((You are camouflaged when in or above water. (Stealth+)))
You have tentacles for arms and can constrict up to eight enemies at once.


Message History

Confirm with . or Enter, or press ? or * to list all spells.
The spell is quite dangerous to miscast (26% risk of failure)!
Continue anyway?
Aiming: Lightning Bolt (quite dangerous; 26% risk of failure)
Press: ? - help, Shift-Dir - straight line, f - centaur warrior zombie
Aim: a centaur warrior zombie (heavily damaged, 97% to hit)
You hear a mighty clap of thunder!
The bolt of lightning hits something!
The bolt of lightning hits the centaur warrior zombie!
The centaur warrior zombie is heavily damaged.
The wall freezes something.
Something hits you!
* * * LOW HITPOINT WARNING * * *
Something bites you!
* * * LOW HITPOINT WARNING * * *
Something draws strength from your injuries!
Unknown command.
Casting: Lightning Bolt (quite dangerous; 26% risk of failure)
Confirm with . or Enter, or press ? or * to list all spells.
The spell is quite dangerous to miscast (26% risk of failure)!
Continue anyway?
Aiming: Lightning Bolt (quite dangerous; 26% risk of failure)
Press: ? - help, Shift-Dir - straight line, f/p - centaur warrior zombie
Aim: a centaur warrior zombie (heavily damaged, 97% to hit)
You miscast Lightning Bolt.
You are very lightly contaminated with residual magic.
Nothing appears to happen.
The centaur warrior zombie resists.
The wall freezes the centaur warrior zombie.
The wall freezes something.
Something hits you but does no damage. Something bites you.
* * * LOW HITPOINT WARNING * * *
Something draws strength from your injuries!
Okay, then.
Okay, then.
Okay, then.
Casting: Lightning Bolt (quite dangerous; 26% risk of failure)
Confirm with . or Enter, or press ? or * to list all spells.
The spell is quite dangerous to miscast (26% risk of failure)!
Continue anyway?
Aiming: Lightning Bolt (quite dangerous; 26% risk of failure)
Press: ? - help, Shift-Dir - straight line, f/p - centaur warrior zombie
Aim: a centaur warrior zombie (heavily damaged, 97% to hit)
You miscast Lightning Bolt.
The wind whips around you!
You die...

....#..........#.#.#..#
....#####.............#
....# #.............#
....# ##.############
....# #.## ##### #..#
##.#### #....###
####..@# ######{###
.......Z..# ..........#
..........# ..........#
..........# ###########


You could see a centaur warrior zombie.

Vanquished Creatures
  2 two-headed ogres
  2 cyclopes (D:7)
  Maggie (D:10)
  An unseen horror (D:7)
  Psyche (D:9)
  A troll (D:9)
  A hornet (D:9)
  Prince Ribbit (D:7)
  A slime creature (D:7)
  A shadow (D:9)
  2 wyverns
  2 wraiths (D:7)
  4 yaks (D:9)
  A fire bat (D:8)
  Menkaure (Ossuary)
  A water moccasin (D:7)
  Duvessa (D:6)
  3 black bears
  2 ogres (D:5)
  A necrophage (D:7)
  4 orc warriors
  3 sky beasts
  8 centaurs
  A phantom (D:7)
  3 kobold brigands
  3 bullfrogs
  4 scorpions
  A water moccasin zombie (D:6)
  Dowan (D:6)
  6 killer bees (D:9)
  7 wights
  6 howler monkeys
  3 centaur zombies (D:7)
  4 orc priests
  Crazy Yiuf (D:6)
  A bullfrog skeleton (D:5)
  2 gnoll shamans
  3 jellies
  4 iguanas
  9 orc wizards
  A killer bee zombie (D:8)
  3 mummies (Ossuary)
  A howler monkey zombie (D:9)
  11 gnolls
  3 howler monkey skeletons
  3 adders
  2 shadow imps (D:7)
  4 white imps (D:7)
  An ufetubus (D:7)
  An adder zombie (D:5)
  A worm (D:2)
  5 dart slugs
  35 orcs
  6 ball pythons
  9 endoplasms
  A giant cockroach (D:2)
  14 hobgoblins
  8 jackals
  2 quokkas
  4 bats
  2 frilled lizards (D:1)
  4 gnoll skeletons (Ossuary)
  5 gnoll zombies (Ossuary)
  12 goblins
  3 goblin skeletons (Ossuary)
  3 goblin zombies (Ossuary)
  4 hobgoblin skeletons (Ossuary)
  5 hobgoblin zombies (Ossuary)
  16 kobolds
  5 kobold skeletons (Ossuary)
  3 kobold zombies (Ossuary)
  4 orc skeletons (Ossuary)
  6 orc zombies (Ossuary)
  5 rats
  5 rat skeletons (Ossuary)
  3 rat zombies (Ossuary)
304 creatures vanquished.

Vanquished Creatures (others)
  A two-headed ogre (D:9)
  A centaur (D:9)
  An orc wizard (D:9)
  4 fungi (D:3)
  3 toadstools (D:3)
10 creatures vanquished.

Grand Total: 314 creatures vanquished

Notes
Turn   | Place    | Note
-------+----------+-------------------------------------------
     0 | D:1      | inmateoo the Octopode Ice Elementalist began the quest for
                  | the Orb.
     0 | D:1      | Reached XP level 1. HP: 11/11 MP: 3/3
   358 | D:1      | Found Ekuup's Book Shoppe.
   492 | D:1      | Reached XP level 2. HP: 17/17 MP: 5/5
  1112 | D:2      | Reached XP level 3. HP: 22/22 MP: 6/6
  1122 | D:2      | Learned a level 3 spell: Frozen Ramparts
  1463 | D:2      | Reached skill level 1 in Fighting
  1701 | D:3      | Reached XP level 4. HP: 28/28 MP: 3/7
  1770 | D:3      | Learned a level 3 spell: Ozocubu's Armour
  1824 | D:3      | Reached XP level 5. HP: 33/33 MP: 9/9
  2176 | D:3      | Reached skill level 3 in Spellcasting
  2289 | D:3      | Found a faded altar of an unknown god.
  2413 | D:4      | Reached skill level 5 in Ice Magic
  2413 | D:4      | Reached XP level 6. HP: 41/41 MP: 6/10
  2510 | D:4      | Noticed a black bear
  2517 | D:4      | Learned a level 4 spell: Hailstorm
  2536 | D:4      | Killed a black bear
  2575 | D:4      | Reached XP level 7. HP: 46/46 MP: 2/11
  2674 | D:4      | Found a sand-covered staircase.
  2694 | D:4      | Reached skill level 1 in Conjurations
  2714 | Ossuary  | Entered an ossuary
  3211 | Ossuary  | Noticed Menkaure
  3221 | Ossuary  | Killed Menkaure
  3222 | Ossuary  | Reached skill level 5 in Stealth
  3752 | D:4      | Reached XP level 8. HP: 38/53 MP: 6/13
  3962 | D:5      | Entered Level 5 of the Dungeon
  4662 | D:5      | Reached skill level 1 in Short Blades
  4782 | D:5      | Reached skill level 4 in Spellcasting
  5533 | D:6      | Noticed Duvessa
  5533 | D:6      | Noticed Dowan
  5542 | D:6      | Killed Duvessa
  5543 | D:6      | Reached XP level 9. HP: 58/59 MP: 15/15
  5545 | D:6      | Killed Dowan
  6041 | D:6      | Found a staircase to the Ecumenical Temple.
  6056 | Temple   | Entered the Ecumenical Temple
  6118 | Temple   | Became a worshipper of Makhleb the Destroyer
  6204 | D:6      | Found a runed translucent door.
  6205 | D:6      | Noticed Crazy Yiuf
  6428 | D:6      | Killed Crazy Yiuf
  6803 | D:7      | Reached skill level 5 in Dodging
  6946 | D:7      | Reached skill level 5 in Fighting
  7068 | D:7      | Reached skill level 1 in Invocations
  7072 | D:7      | Noticed Prince Ribbit
  7079 | D:7      | Killed Prince Ribbit
  7080 | D:7      | Reached skill level 5 in Spellcasting
  7106 | D:7      | Reached XP level 10. HP: 63/66 MP: 12/17
  7191 | D:7      | Noticed a cyclops
  7200 | D:7      | Killed a cyclops
  7200 | D:7      | Reached * piety under Makhleb
  7446 | D:7      | Reached skill level 6 in Spellcasting
  7460 | D:7      | Identified the +1 spear of Dieshrou {vorpal, rN+ Will+
                  | Int+2 Dex+4}
  7462 | D:7      | Identified the +9 hunting sling "Erowkin" {vorpal, rC+ rN+}
  7494 | D:7      | Noticed a two-headed ogre
  7500 | D:7      | Killed a two-headed ogre
  7556 | D:7      | Killed an unseen horror
  7557 | D:7      | Reached skill level 5 in Invocations
  7590 | D:7      | Noticed a cyclops
  7594 | D:7      | Killed a cyclops
  7595 | D:7      | Reached skill level 7 in Spellcasting
  8408 | D:8      | Identified the +3 arbalest of Suicidal Tendencies {flame,
                  | Int+3 Dex+5}
  8412 | D:8      | Reached skill level 8 in Spellcasting
  8539 | D:8      | Noticed Maurice
  8651 | D:8      | Noticed Maurice
  8654 | D:8      | Killed Maurice the fire bat
  8708 | D:8      | Reached ** piety under Makhleb
  8867 | D:8      | Reached XP level 11. HP: 66/72 MP: 23/23
  8963 | D:8      | Found a bloodstained altar of Trog.
  8963 | D:8      | Found a stormy altar of Qazlal.
  9069 | D:8      | Found a faded altar of an unknown god.
  9071 | D:8      | Found an opulent altar of Gozag.
  9072 | D:8      | Found a faded altar of an unknown god.
  9332 | D:9      | Reached skill level 9 in Spellcasting
  9527 | D:9      | Noticed a two-headed ogre
  9543 | D:9      | Killed a two-headed ogre
  9545 | D:9      | Reached skill level 10 in Spellcasting
  9570 | D:9      | Killed a two-headed ogre
  9674 | D:9      | Found a shimmering altar of Xom.
  9990 | D:9      | Noticed Psyche
 10005 | D:9      | Killed Psyche
 10006 | D:9      | Reached skill level 1 in Necromancy
 10006 | D:9      | Reached skill level 1 in Fire Magic
 10666 | D:1      | Bought a book of Storms for 448 gold pieces
 10671 | D:1      | Learned a level 4 spell: Summon Lightning Spire
 10677 | D:1      | Learned a level 5 spell: Lightning Bolt
 10682 | D:1      | Learned a level 4 spell: Airstrike
 10917 | D:10     | Entered Level 10 of the Dungeon
 10993 | D:10     | Noticed Maggie
 11000 | D:10     | Killed Maggie
 11116 | D:10     | Killed by miscasting Lightning Bolt

Illustrated notes

Levels and vault maps discovered:
D:1:      lightli_arrival_chessboard, layout_loops_ring, serial_shops, shop
D:2:      layout_loops_corners, minivault_24
D:3:      cheibrodos_fertilizer, layout_loops_ring,
          ebering_ecumenical_altar_sacrificial, hangedman_decor_peaks_small,
          minmay_checkerbox
D:4:      kennysheep_spiral_hall, layout_cave_pools,
          nicolae_ossuary_entry_false_entrances
D:5:      layout_loops_corners
D:6:      corexii_shantytown, layout_basic, minmay_temple_entry_ruins,
          uniq_duvessa, uniq_crazy_yiuf_cottage, uniq_menkaure
D:7:      minmay_the_grid_octo_tiled_squarecenter
          [minmay_the_grid_octo_clover_2, minmay_the_grid_octo_checkerflower,
          minmay_the_grid_octo_checkered, minmay_the_grid_octo_clover,
          minmay_the_grid_square_5x5_megaprize_checkered,
          minmay_the_grid_square_5x5_six_small,
          minmay_the_grid_square_5x5_three_small,
          minmay_the_grid_square_5x5_beaten_path,
          minmay_the_grid_square_5x5_bridge], layout_loops_ring,
          uniq_prince_ribbit1
D:8:      layout_loops_corners, chequers_temple_overflow_minitemple,
          uniq_maurice
D:9:      minmay_statue_hallways, layout_basic, xom_confusion_cloud,
          supply_closet_lemuel, uniq_psyche
D:10:     layout_roguey, serial_glass, glass_columns_a, glass_columns_c,
          glass_columns_b, glass_columns_a, glass_columns_b,
          due_unseen_surprise, feat_on_display, evilmike_minifort, uniq_maggie
Temple:   compressed_dpeg_circular_temple

Skill      XL: |  1  2  3  4  5  6  7  8  9 10 11 |
---------------+----------------------------------+-----
Stealth        | 3 4 5 6 7 |  7.0
Fighting       | 1 2 3 4 5 6 |  6.2
Dodging        | 3 4 5 6 |  6.0
Spellcasting   | 3 4 5 8 10 | 10.1
Ice Magic      | 5 6 7 8 |  8.1
Conjurations   | 1 3 4 |  4.4
Short Blades   | 2 3 |  3.0
Invocations    | 2 5 |  5.0
Necromancy     | 1 |  1.3
Fire Magic     | 1 |  1.4
Air Magic      | |  0.3

Action                   |  1- 3 |  4- 6 |  7- 9 | 10-12 || total
-------------------------+-------+-------+-------+-------++-------
Melee: Dagger            |    50 |    50 |   317 |    50 ||   467
       Unarmed           |     2 |       |       |    16 ||    18
       Tentacles         |    13 |     7 |    74 |    30 ||   124
       Punch             |     2 |     2 |     5 |     2 ||    11
       Constrict         |    13 |    12 |    76 |    15 ||   116
       Spear             |       |       |       |    38 ||    38
       Staff             |       |       |       |    43 ||    43
 Cast: Freeze            |    12 |     5 |     7 |    31 ||    55
       Frozen Ramparts   |     2 |     9 |    45 |    29 ||    85
       Ozocubu's Armour  |       |     1 |    23 |    24 ||    48
       Hailstorm         |       |       |     4 |    14 ||    18
       Summon Lightning  |       |       |       |     2 ||     2
       Lightning Bolt    |       |       |       |     1 ||     1
Evoke: Wand              |       |       |     4 |     8 ||    12
  Use: Scroll            |     3 |     4 |     9 |     6 ||    22
       Potion            |     1 |       |     2 |     4 ||     7
 Stab: Sleeping          |     8 |     5 |    34 |     3 ||    50
       Distracted        |       |       |     2 |     1 ||     3
Armor: Skin              |     5 |     7 |    20 |    57 ||    89
Dodge: Dodged            |    34 |    20 |   195 |   155 ||   404
